General information
- name: BNet
- type: Ladder team game (AT/RT)
- host: Battle.net
- saver: Mata.
map: RiverOfSouls
- players: 6
- length: 31:28
- speed: Fast
- version: 1.21 W3XP
- replay type:

» download(239 KB)
Players
team 1 (winner)

»
iggy_the_fisk (
yellow | 89 APM | 2799 actions | 31:27)
4 Death Knight
2 Death Coil
2 Unholy Aura
1 Lich
1 Frost Nova
» actions
| Assign group hotkey | 102 | |
| Basic commands | 4 | |
| Build / train | 61 | |
| Enter build submenu | 30 | |
| Enter hero's abilities submenu | 5 | |
| Give item / drop item | 1 | |
| Remove unit from queue | 4 | |
| Right click | 1771 | |
| Select / deselect | 298 | |
| Select group hotkey | 447 | |
| Use ability | 76 | |
2799 total
» units
| Acolyte | 9 | |
| Ghoul | 2 | |
| Frost Wyrm | 12 | |
23 total
» upgrades
| Creature Attack | 3 | |
| Creature Carapace | 3 | |
| Freezing Breath | 1 | |
7 total
» buildings
| Crypt | 2 | |
| Graveyard | 1 | |
| Halls of the Dead | 4 | |
| Ziggurat | 7 | |
| Altar of Darkness | 1 | |
| Nerubian Tower | 2 | |
| Tomb of Relics | 3 | |
| Black Citadel | 1 | |
| Sacrificial Pit | 1 | |
| Spirit Tower | 4 | |
| Boneyard | 4 | |
30 total
» build order
00:05 Crypt
00:23 Graveyard
00:45 Halls of the Dead
00:46 Halls of the Dead
00:46 Halls of the Dead
00:49 Ziggurat
01:22 Altar of Darkness
01:53 Crypt
02:04 Ziggurat
02:06 Nerubian Tower
02:39 Tomb of Relics
03:07 Black Citadel
03:41 Sacrificial Pit
03:42 Spirit Tower
03:51 Ziggurat
04:05 Ziggurat
04:14 Ziggurat
04:58 Nerubian Tower
05:01 Spirit Tower
05:28 Boneyard
05:35 Boneyard
05:39 Spirit Tower
05:41 Boneyard
05:48 Boneyard
06:04 Tomb of Relics
06:20 Ziggurat
09:07 Ziggurat
16:53 Spirit Tower
26:52 Tomb of Relics
» items
| Scroll of Town Portal | 7 | |
| Potion of Healing | 2 | |
9 total
Mata. (
green | 129 APM | 4047 actions | 31:28)
4 Blademaster
2 Wind Walk
2 Critical Strike
» actions
| Assign group hotkey | 793 | |
| Basic commands | 1 | |
| Build / train | 64 | |
| Enter build submenu | 35 | |
| Enter hero's abilities submenu | 4 | |
| Give item / drop item | 1 | |
| Right click | 2007 | |
| Select / deselect | 593 | |
| Select group hotkey | 380 | |
| Use ability | 169 | |
4047 total
» units
» upgrades
| Ranged Weapons | 2 | |
| Liquid Fire | 1 | |
| Reinforced Defenses | 1 | |
4 total
» buildings
| Altar of Storms | 1 | |
| Orc Burrow | 5 | |
| War Mill | 1 | |
| Voodoo Lounge | 3 | |
| Watch Tower | 15 | |
| Stronghold | 4 | |
| Beastiary | 2 | |
| Fortress | 2 | |
| Great Hall | 1 | |
34 total
» build order
00:03 Altar of Storms
00:19 Orc Burrow
02:33 War Mill
04:27 Voodoo Lounge
04:48 Watch Tower
05:09 Watch Tower
05:19 Orc Burrow
05:40 Watch Tower
06:05 Watch Tower
08:42 Stronghold
08:42 Stronghold
10:12 Watch Tower
10:14 Watch Tower
12:18 Beastiary
12:19 Beastiary
12:25 Voodoo Lounge
12:46 Fortress
12:47 Orc Burrow
12:48 Orc Burrow
14:56 Great Hall
15:19 Orc Burrow
18:03 Watch Tower
19:18 Stronghold
19:19 Stronghold
19:49 Voodoo Lounge
21:57 Fortress
24:58 Watch Tower
24:58 Watch Tower
24:59 Watch Tower
25:00 Watch Tower
26:14 Watch Tower
26:15 Watch Tower
26:15 Watch Tower
26:16 Watch Tower
» items
| Staff of Teleportation | 9 | |
| Healing Salve | 2 | |
11 total

»
TIMG4STRok (
red | 42 APM | 1314 actions | 31:27)
4 Blademaster
2 Wind Walk
2 Critical Strike
» actions
| Assign group hotkey | 2 | |
| Basic commands | 7 | |
| Build / train | 24 | |
| ESC pressed | 1 | |
| Enter build submenu | 9 | |
| Enter hero's abilities submenu | 4 | |
| Give item / drop item | 1 | |
| Right click | 763 | |
| Select / deselect | 154 | |
| Select group hotkey | 285 | |
| Use ability | 64 | |
1314 total
» units
» buildings
| Altar of Storms | 2 | |
| Orc Burrow | 4 | |
| Voodoo Lounge | 1 | |
| Stronghold | 1 | |
| War Mill | 1 | |
9 total
» build order
00:09 Altar of Storms
00:13 Orc Burrow
01:53 Orc Burrow
04:44 Voodoo Lounge
14:18 Stronghold
15:04 War Mill
16:36 Altar of Storms
17:11 Orc Burrow
17:13 Orc Burrow
» items
| Boots of Speed | 1 | |
| Staff of Teleportation | 1 | |
| Healing Salve | 1 | |
| Lesser Clarity Potion | 4 | |
| Orb of Corruption | 1 | |
8 total
team 2 (loser)
Freaky_Fred (
orange | 89 APM | 2812 actions | 31:26)
5 Keeper of the Grove
3 Entangling Roots
2 Thorns Aura
» actions
| Assign group hotkey | 334 | |
| Basic commands | 16 | |
| Build / train | 40 | |
| ESC pressed | 3 | |
| Enter build submenu | 17 | |
| Enter hero's abilities submenu | 5 | |
| Right click | 1692 | |
| Select / deselect | 384 | |
| Select group hotkey | 257 | |
| Use ability | 64 | |
2812 total
» units
| Wisp | 13 | |
| Huntress | 9 | |
| Dryad | 9 | |
| Archer | 1 | |
32 total
» upgrades
» buildings
| Altar of Elders | 1 | |
| Moon Well | 5 | |
| Hunter's Hall | 1 | |
| Ancient of War | 2 | |
| Tree of Ages | 1 | |
| Ancient of Lore | 4 | |
| Tree of Life | 1 | |
15 total
» build order
00:07 Altar of Elders
00:19 Moon Well
01:30 Hunter's Hall
01:57 Ancient of War
02:12 Ancient of War
02:21 Moon Well
03:56 Moon Well
05:22 Moon Well
07:57 Tree of Ages
10:00 Moon Well
10:47 Ancient of Lore
10:48 Ancient of Lore
10:52 Ancient of Lore
10:55 Ancient of Lore
15:22 Tree of Life
RUSH[yyz] (
teal | 60 APM | 1866 actions | 31:14)
5 Death Knight
3 Death Coil
2 Unholy Aura
2 Lich
1 Frost Nova
1 Frost Armor
» actions
| Assign group hotkey | 87 | |
| Basic commands | 288 | |
| Build / train | 74 | |
| Enter build submenu | 12 | |
| Enter hero's abilities submenu | 7 | |
| Give item / drop item | 5 | |
| Remove unit from queue | 1 | |
| Right click | 782 | |
| Select / deselect | 428 | |
| Select group hotkey | 116 | |
| Use ability | 66 | |
1866 total
» units
| Acolyte | 13 | |
| Ghoul | 5 | |
| Crypt Fiend | 12 | |
| Obsidian Statue | 1 | |
| Abomination | 1 | |
32 total
» upgrades
| Creature Attack | 2 | |
| Creature Carapace | 3 | |
| Web | 1 | |
| Burrow | 1 | |
| Destroyer Form | 1 | |
| Unholy Armor | 1 | |
9 total
» buildings
| Graveyard | 1 | |
| Crypt | 1 | |
| Ziggurat | 7 | |
| Altar of Darkness | 1 | |
| Tomb of Relics | 1 | |
| Nerubian Tower | 2 | |
| Halls of the Dead | 2 | |
| Spirit Tower | 4 | |
| Slaughterhouse | 1 | |
| Black Citadel | 1 | |
21 total
» build order
00:08 Graveyard
00:12 Crypt
00:21 Ziggurat
00:50 Altar of Darkness
01:05 Tomb of Relics
01:28 Nerubian Tower
02:15 Ziggurat
04:09 Ziggurat
05:35 Halls of the Dead
06:35 Spirit Tower
07:50 Ziggurat
08:09 Slaughterhouse
09:51 Ziggurat
09:58 Black Citadel
19:18 Spirit Tower
20:35 Ziggurat
28:35 Spirit Tower
29:16 Ziggurat
29:25 Spirit Tower
» items
| Rod of Necromancy | 1 | |
| Dust of Appearance | 2 | |
| Scroll of Town Portal | 10 | |
| Orb of Corruption | 1 | |
14 total
THEJONBENET (
purple | 83 APM | 2608 actions | 31:18)
3 Far Seer
2 Feral Spirit
1 Chain Lighting
3 Shadow Hunter
2 Hex
1 Healing Wave
» actions
| Assign group hotkey | 33 | |
| Basic commands | 118 | |
| Build / train | 62 | |
| ESC pressed | 3 | |
| Enter build submenu | 43 | |
| Enter hero's abilities submenu | 6 | |
| Right click | 1206 | |
| Select / deselect | 592 | |
| Select group hotkey | 409 | |
| Use ability | 136 | |
2608 total
» units
| Peon | 11 | |
| Grunt | 5 | |
| Troll Batrider | 26 | |
42 total
» upgrades
| Reinforced Defenses | 1 | |
| Liquid Fire | 1 | |
2 total
» buildings
| Altar of Storms | 1 | |
| Orc Burrow | 7 | |
| Barracks | 1 | |
| Voodoo Lounge | 2 | |
| Stronghold | 1 | |
| War Mill | 1 | |
| Beastiary | 6 | |
| Fortress | 1 | |
| Great Hall | 1 | |
| Watch Tower | 17 | |
38 total
» build order
00:04 Altar of Storms
00:07 Orc Burrow
00:25 Barracks
01:46 Voodoo Lounge
02:22 Orc Burrow
04:28 Stronghold
05:13 Orc Burrow
05:21 War Mill
06:29 Orc Burrow
07:08 Beastiary
07:12 Beastiary
10:07 Orc Burrow
12:10 Fortress
13:27 Orc Burrow
16:41 Great Hall
16:57 Orc Burrow
19:37 Watch Tower
19:39 Watch Tower
19:44 Voodoo Lounge
20:02 Watch Tower
20:48 Watch Tower
21:28 Watch Tower
22:33 Beastiary
23:18 Watch Tower
23:19 Watch Tower
23:25 Watch Tower
23:56 Watch Tower
24:44 Watch Tower
25:51 Beastiary
25:53 Beastiary
25:57 Beastiary
26:42 Watch Tower
26:55 Watch Tower
27:46 Watch Tower
28:50 Watch Tower
30:05 Watch Tower
30:07 Watch Tower
30:09 Watch Tower
» items
| Healing Salve | 1 | |
| Scroll of Town Portal | 4 | |
| Scroll of Protection | 1 | |
| Potion of Lesser Invulnerability | 1 | |
| Dust of Appearance | 1 | |
8 total
Chat log
(00:04 / Allies) Mata.: the jon benet
(00:06 / Allies) TIMG4STRok: these proto trash
(00:10 / Allies) Mata.: lets tower?
(00:17 / Allies) Mata.: or shitty rafces
(00:21 / Allies) TIMG4STRok: shitty rafces
(00:23 / Allies) Mata.: lets serious and take an dhold
(00:23 / Allies) TIMG4STRok: lets feed garg
(00:27 / Allies) Mata.: UH ok
(00:31 / Allies) iggy_the_fisk: uuh no
(00:35 / Allies) Mata.: too late bro
(00:56 / Allies) TIMG4STRok: poor niggy
(01:03 / Allies) Mata.: ziggy the urat
(01:26 / Allies) TIMG4STRok: make altar...
(01:30 / Allies) Mata.: l@llll
(01:42 / Allies) Mata.: ha ha! they gonna scout it! ha ha
(01:48 / Allies) iggy_the_fisk: sweet
(01:54 / Allies) Mata.: wanna go straight for wyrm instead
(01:55 / Allies) Mata.: fuck it you know
(02:08 / Allies) TIMG4STRok: w/e
(02:12 / Allies) Mata.: this is it boys
(02:39 / Allies) Mata.: THE JON BENET
(02:41 / Allies) TIMG4STRok: got
(02:49 / Allies) Mata.: here is fs
(02:53 / Allies) Mata.: going to harangle
(04:02 / Allies) TIMG4STRok: 50% grnt
(04:12 / All) THEJONBENET: stop it.
(04:28 / All) TIMG4STRok: stop the game...
(04:39 / Allies) Mata.: make 4 boneryards
(05:45 / Allies) Mata.: hope these towers..
(05:45 / Allies) TIMG4STRok: lets hit some aco
(06:13 / Allies) TIMG4STRok: gonna need mad zigs ig
(06:23 / Allies) Mata.: i cant feed lum sozzy
(06:29 / Allies) TIMG4STRok: i got
(06:42 / Allies) Mata.: oh really bad placement
(06:45 / Allies) Mata.: could this be g?
(06:48 / Allies) Mata.: kill heroes
(06:59 / Allies) Mata.: ah we good
(07:10 / Allies) Mata.: but now cometh the counter
(07:47 / Allies) Mata.: sorry tried to pop you out
(07:48 / Allies) Mata.: just didn't work out
(07:58 / Allies) Mata.: lets hit, tho
(07:59 / Allies) iggy_the_fisk: hit who
(08:14 / Allies) Mata.: then onwards
(08:16 / Allies) Mata.: to victory
(08:59 / Allies) Mata.: iggy dont have enough ziggy
(09:14 / Allies) TIMG4STRok: get burrow
(09:15 / Allies) TIMG4STRok: so no more abt
(09:18 / Allies) TIMG4STRok: quick
(09:19 / Allies) Mata.: ya rock the burrowsbah
(09:22 / Allies) Mata.: fiend is inc i bet
(09:29 / All) Freaky_Fred: >.<
(09:30 / Allies) TIMG4STRok: nope would rather greed on fs
(09:31 / Allies) Mata.: avoid those
(10:02 / Allies) Mata.: we need to keep hitting, wherever the fiends arent
(10:27 / Allies) Mata.: i wonder why they havent hit timg at all
(10:50 / Allies) Mata.: orc is at my base
(10:57 / Allies) Mata.: i mean ud
(10:59 / Allies) Mata.: ya good
(11:14 / Allies) Mata.: get armor ups
(11:22 / Allies) iggy_the_fisk: have full
(11:26 / Allies) Mata.: oh, great
(11:40 / Allies) Mata.: rock some burrows, me and timg stall the ud
(11:49 / Allies) Mata.: nm he'll tp, be advized
(12:05 / Allies) Mata.: that's the ud
(12:18 / Allies) TIMG4STRok: get coutner bat
(12:20 / Allies) Mata.: i am
(12:28 / Allies) Mata.: aww no
(12:30 / Allies) TIMG4STRok: greed of the fuckin noob
(12:39 / Allies) Mata.: he heck was that
(13:01 / Allies) TIMG4STRok: they havent even scouted me
(13:04 / Allies) Mata.: i know
(13:06 / Allies) Mata.: is ridiculuos
(13:17 / Allies) TIMG4STRok: just chillin with nothin in my base
(13:19 / Allies) Mata.: ud is here
(13:20 / Allies) Mata.: go hit em
(14:25 / Allies) Mata.: dang. i didnt get burning oils
(14:37 / Allies) Mata.: stay and finish it even if he tps
(14:42 / Allies) Mata.: well
(14:47 / Allies) TIMG4STRok: inc yad
(14:53 / Allies) iggy_the_fisk: you
(14:54 / Allies) iggy_the_fisk: have
(14:54 / Allies) iggy_the_fisk: got
(15:07 / Allies) Mata.: need gold
(15:37 / Allies) Mata.: da salve docta
(15:46 / Allies) Mata.: forty ups
(15:49 / Allies) TIMG4STRok: will they go all game
(15:51 / Allies) TIMG4STRok: without touching me
(15:56 / Allies) Mata.: jynxed
(15:57 / Allies) TIMG4STRok: i jinx it
(15:58 / Allies) TIMG4STRok: fuck
(16:03 / Allies) Mata.: get outtie?
(16:15 / Allies) Mata.: you spammed it too hard
(16:17 / Allies) Mata.: they wouldn't move
(16:35 / Allies) Mata.: my bats hit this
(17:23 / Allies) TIMG4STRok: tanking tower
(17:28 / Allies) TIMG4STRok: get main maybe
(18:11 / Allies) TIMG4STRok: get wisp
(18:53 / Allies) Mata.: tp
(18:54 / Allies) iggy_the_fisk: finish thi
(18:59 / Allies) iggy_the_fisk: plzzz
(19:01 / Allies) iggy_the_fisk: i guess not
(19:06 / Allies) Mata.: dont greed
(19:11 / Allies) TIMG4STRok: killing more aco
(19:22 / Allies) TIMG4STRok: fiend
(19:23 / Allies) Mata.: weƤer close
(19:26 / Allies) Mata.: but we can still blow it
(19:54 / Allies) TIMG4STRok: use this
(20:00 / Allies) TIMG4STRok: your hero and wyrms mad weak
(20:02 / Allies) TIMG4STRok: creep as you heal
(20:21 / Allies) Mata.: the benet is towering
(20:23 / Allies) TIMG4STRok: heal i got
(21:04 / Allies) TIMG4STRok: scouting ud
(21:12 / Allies) Mata.: hit his base
(21:14 / Allies) TIMG4STRok: fly over and hit maybe
(21:17 / Allies) Mata.: i'll hit benetton
(21:21 / Allies) TIMG4STRok: go
(22:00 / Allies) TIMG4STRok: b
(22:05 / Allies) TIMG4STRok: wheres here
(22:07 / Allies) TIMG4STRok: hero
(22:35 / Allies) TIMG4STRok: wisp
(22:36 / Allies) Mata.: i killed jons beasts
(22:48 / Allies) TIMG4STRok: keep hero with army please
(22:53 / Allies) TIMG4STRok: before fiends with aura chase you down
(23:01 / Allies) TIMG4STRok: go creep this
(23:23 / Allies) Mata.: sheesh
(23:24 / Allies) Mata.: mines are so big
(23:29 / Allies) Mata.: and ya mad tower
(23:37 / Allies) TIMG4STRok: cancel
(23:40 / All) THEJONBENET: this is how a heart breaks
(23:48 / All) THEJONBENET: Nice mh lewl
(23:51 / All) THEJONBENET: unknown id 30303030
(23:52 / Allies) TIMG4STRok: kill that lore
(23:56 / Allies) Mata.: on my way
(23:57 / Allies) TIMG4STRok: hes pumping lores
(23:59 / Allies) TIMG4STRok: er
(24:00 / Allies) TIMG4STRok: yad
(24:07 / Allies) Mata.: yes he is
(24:11 / All) THEJONBENET: why are your friends so bad strok
(24:14 / All) THEJONBENET: And you're good
(24:14 / All) TIMG4STRok: huh
(24:18 / All) THEJONBENET: so why are your friends bad
(24:20 / Allies) Mata.: wow
(24:24 / Allies) iggy_the_fisk: nice
(24:30 / All) Mata.: Dont suck tim's dick please he dont need that
(24:31 / All) TIMG4STRok: well considering im best thing to ever grace battle.net everybody looks bad compared to me
(24:38 / Allies) TIMG4STRok: noobs
(24:47 / Allies) Mata.: going for th eud
(25:29 / Allies) Mata.: dang
(25:46 / Allies) TIMG4STRok: double dang
(25:53 / Allies) TIMG4STRok: crap need 100g
(25:54 / Allies) Mata.: ya that is pretty much what a double dang is
(26:07 / Allies) Mata.: got fire
(26:10 / Allies) TIMG4STRok: iggy make a shop please
(26:14 / Allies) TIMG4STRok: and mata gimme 300 for orb
(26:31 / All) THEJONBENET: gimmick frostie strat - towa
(26:32 / Allies) TIMG4STRok: why do you go for the shit that wont day
(26:40 / Allies) TIMG4STRok: 1 volley from frost wyrm kills a fiend or two
(26:43 / Allies) TIMG4STRok: make him pay for tping to you
(26:56 / Allies) TIMG4STRok: keep pumping
(27:10 / Allies) Mata.: ne is liquidizing ancients
(27:31 / Allies) TIMG4STRok: he expo
(27:35 / Allies) TIMG4STRok: guess not
(27:37 / Allies) TIMG4STRok: kill keeper
(27:39 / Allies) TIMG4STRok: nm
(27:56 / Allies) TIMG4STRok: see
(28:11 / Allies) TIMG4STRok: cancel
(28:14 / Allies) TIMG4STRok: its not happening
(28:18 / Allies) Mata.: i cant kill anything in benet's base
(28:28 / Allies) TIMG4STRok: gonna tank the towers kill the zig
(28:31 / Allies) TIMG4STRok: nm
(28:32 / Allies) Mata.: not yet
(28:33 / Allies) TIMG4STRok: hes selling
(29:11 / Allies) iggy_the_fisk: purp peon movin down
(29:40 / Allies) TIMG4STRok: nice
(29:44 / Allies) Mata.: perfect timing
(29:44 / Allies) TIMG4STRok: dont go
(29:45 / Allies) TIMG4STRok: ud tp
(29:51 / Allies) Mata.: well..
(30:14 / Allies) TIMG4STRok: get aco with blade
(30:28 / All) THEJONBENET: this blatant mhing
(30:32 / All) THEJONBENET: is making me leave this game
(30:34 / All) Mata.: gg
(30:52 / All) TIMG4STRok: like my mh?
(30:56 / All) TIMG4STRok: warden cant detect it lmfao
(30:57 / All) THEJONBENET: yah
(30:58 / All) THEJONBENET: Imap?
(31:03 / All) THEJONBENET: imap?
(31:05 / Allies) Mata.: haha
(31:15 / Allies) TIMG4STRok: guy honestly thinks we maphack
(31:17 / All) TIMG4STRok: ty
(31:19 / All) TIMG4STRok: ty for free win